 Dungeon Crawl Stone Soup version 0.30-a0-1124-g6e8f0f562f (webtiles) character file.

Game seed: 18159647585071414104

21 Zeldest the Grasshopper (level 2, 0/29 HPs)
             Began as an Ogre Warper on Apr 23, 2023.
             Frozen to death by an endoplasm (3 damage)
             ... on level 1 of the Dungeon.
             The game lasted 00:00:33 (742 turns).

Zeldest the Grasshopper (Ogre Warper)                Turns: 742, Time: 00:00:33

Health: 0/29       AC:  3    Str: 14    XL:     2   Next: 87%
Magic:  5/5        EV:  9    Int: 14    God:
Gold:   70         SH:  0    Dex:  8    Spells: 5/5 levels left

rFire   . . .        a - +0 mace
rCold   . . .        (no shield)
rNeg    . . .        b - +0 robe
rPois   .            (helmet restricted)
rElec   .            (no cloak)
rCorr   .            (gloves unavailable)
SInv    .            (boots unavailable)
Will    .....        (no amulet)
Stlth   +            (no ring)
HPRegen 0.24/turn    (no ring)
MPRegen 0.09/turn

%: no passive effects
@: no status effects
A: large, unfitting armour, tough skin 1
a: no special abilities


You were on level 1 of the Dungeon.
You visited 1 branch of the dungeon, and saw 2 of its levels.

You collected 70 gold pieces.

Inventory:

Hand Weapons
 a - a +0 mace (weapon)
Missiles
 d - 7 boomerangs of dispersal (quivered)
Armour
 b - a +0 robe (worn)
Jewellery
 g - an amulet of regeneration
Scrolls
 c - a scroll of blinking
 e - a scroll of torment {unknown}
 f - a scroll of fear {unknown}
 h - a scroll of identify {unknown}
Potions
 i - a potion of resistance {unknown}
 j - 2 potions of might {unknown}


   Skills:
 - Level 2.6 Fighting
 + Level 2.2 Maces & Flails
 + Level 1.7 Throwing
 - Level 2.1 Dodging
 - Level 2.4 Spellcasting
 + Level 3.0 Translocations


You had 5 spell levels left.
You didn't know any spells.
Your spell library contained the following spells:

 Spells                   Type           Power      Damage    Failure   Level
 Blink                    Tloc           20%        N/A       10%         2
 Lesser Beckoning         Tloc           20%        N/A       10%         2
 Teleport Other           Tloc           10%        N/A       21%         3
 Vhi's Electric Charge    Tloc/Air       10%        N/A       36%         3
 Manifold Assault         Tloc           10%        N/A       54%         4


Dungeon Overview and Level Annotations

Branches:
Dungeon (2/15) Zot: 11237

Altars:


Innate Abilities, Weirdness & Mutations

You are too large for most types of armour.
You have tough skin. (AC +1)


Message History

You hit the giant cockroach.
You kill the giant cockroach!
The kobold hits you with a +0 short sword.
The endoplasm freezes you.
You are frozen.
The kobold completely misses you.
You are too injured to fight recklessly!
You are too injured to fight recklessly!
You are too injured to fight recklessly!
The kobold hits you but does no damage. The endoplasm hits you.
You climb upwards.
There is a stone staircase leading down here.
You are too injured to fight recklessly!
You are too injured to fight recklessly!
You are too injured to fight recklessly!
You hit the endoplasm.
The endoplasm is severely wounded.
The kobold barely misses you. The endoplasm freezes you.
You are frozen.
You barely miss the endoplasm.
The endoplasm is severely wounded.
The kobold hits you with a +0 short sword.
The endoplasm freezes you.
You are frozen.
You hit the endoplasm but do no damage.
The endoplasm is severely wounded.
The kobold hits you with a +0 short sword.
The endoplasm freezes you.
You are frozen.
* * * LOW HITPOINT WARNING * * *
The kobold hits you but does no damage. The endoplasm freezes you.
You are frozen.
* * * LOW HITPOINT WARNING * * *
You hit the endoplasm.
The endoplasm is almost dead.
The kobold closely misses you. The endoplasm freezes you.
You are frozen.
You die...

#......#####.###
#######.#####.
#..#.#.##......#
#........).##.
#......##.##.#.#
#.#####.##.##.
#......##.##.#.####.#
#.#..##.
######.......#......#
#.......
####.###########
###.#### ####.### #.#
#......#
#############.####
#.##.#.#
#@J.....##.......#
#.##.#.#
#K......##..#..#.#
#.#..#.#
#.......##..#..#..
#.#.##.#
#...........#.....
#......#
#.......##.###.#..
###.####
#.......##.###.#.#
#.##
#.......##.......#
#..#
##############.###
##.# ###########.# #


You could see an endoplasm and a kobold.

Vanquished Creatures
  A dart slug (D:2)
  2 endoplasms (D:1)
  3 giant cockroaches
  2 goblins (D:1)
  2 hobgoblins (D:1)
  2 kobolds (D:1)
  A quokka (D:1)
  A ball python (D:1)
  2 bats (D:1)
  A rat (D:1)
17 creatures vanquished.

Notes
Turn   | Place    | Note
-------+----------+-------------------------------------------
     0 | D:1      | Zeldest the Ogre Warper began the quest for the Orb.
     0 | D:1      | Reached XP level 1. HP: 22/22 MP: 3/3
   226 | D:1      | Reached XP level 2. HP: 28/29 MP: 5/5
   500 | D:1      | Reached skill level 3 in Translocations
   742 | D:1      | Frozen to death by an endoplasm

Illustrated notes

Levels and vault maps discovered:
D:1:      dpeg_arrival_rhombi, layout_loops_cross, serial_glass,
          glass_columns_a, glass_columns_c, glass_columns_b, glass_columns_a,
          glass_columns_b, glass_columns_a
D:2:      layout_loops_ring, basic_altar

Skill      XL: |  1  2 |
---------------+-------+-----
Maces & Flails | 2 |  2.2
Translocations | 3 |  3.0
Fighting       | |  2.6
Throwing       | |  1.7
Dodging        | |  2.1
Spellcasting   | |  2.4

Action                     || total
---------------------------++-------
  Melee: Mace              ||    62
 Armour: Robe              ||    31
  Dodge: Dodged            ||    48

Table legend: (Time is in decaauts)
 A = Elapsed time spent in this place.
 B = Non-inter-level travel time spent in this place.
 C = Inter-level travel time spent in this place.
 D = Time resting spent in this place.
 E = Time spent auto-exploring this place.
 F = Levels seen in this place.
 G = Mean time per level.
                   A        B        C        D        E       F      G
               +--------+--------+--------+--------+--------+-----+--------+
         Total |    760 |    724 |     36 |     35 |    545 |   2 |  380.0 |
       Dungeon |    760 |    724 |     36 |     35 |    545 |   2 |  380.0 |
               +--------+--------+--------+--------+--------+-----+--------+

Top non-repeatable levels by time:
     D:1: 742 daAuts
     D:2: 18 daAuts
